 Dungeon Crawl Stone Soup version 0.21-a0-1-gaf3b9a5 (webtiles) character file.

39776 anfisbena the Severer (level 14, -3/121 HPs)
             Began as a Hill Orc Fighter on May 20, 2017.
             Was a Believer of Uskayaw.
             Slain by an acid blob (32 damage)
             ... on level 6 of the Lair of Beasts.
             The game lasted 00:23:21 (17160 turns).

anfisbena the Severer (Hill Orc Fighter)           Turns: 17160, Time: 00:23:22

Health: -3/121     AC: 21    Str: 20    XL:     14   Next: 8%
Magic:  23/23      EV:  6    Int:  8    God:    Uskayaw [**....]
Gold:   1031       SH: 14    Dex: 14    Spells: 13/13 levels left

rFire    + . .     SeeInvis +   a - +0 war axe (venom)
rCold    + . .     Gourm    .   C - +1 shield {reflect}
rNeg     . . .     Faith    .   g - +0 plate armour
rPois    +         Spirit   .   P - +1 helmet
rElec    .         Reflect  +   J - scarf {rC+ rF+}
rCorr    .         Harm     .   F - +2 pair of gloves
MR       +....                  y - +2 pair of boots
Stlth    ..........             e - amulet of regeneration
Regen    0.7/turn               H - ring of poison resistance
MPRegen  0.2/turn               u - ring of see invisible

@: corroded
A: no striking features
a: Stomp, Line Pass, Renounce Religion


You were on level 6 of the Lair of Beasts.
You worshipped Uskayaw.
Uskayaw was pleased with you.
You were not hungry.

You visited 3 branches of the dungeon, and saw 17 of its levels.
You also visited: Sewer.

You collected 1211 gold pieces.
You spent 180 gold pieces at shops.

Inventory:

Hand Weapons
 a - a +0 war axe of venom (weapon)
 b - a +2 eveningstar of draining
Armour
 g - a +0 plate armour (worn)
 k - a scarf of repulsion
 y - a +2 pair of boots (worn)
 C - a +1 shield of reflection (worn)
 F - a +2 pair of gloves (worn)
 J - a scarf of resistance (worn)
 P - a +1 helmet (worn)
Jewellery
 e - an amulet of regeneration (around neck)
 u - a ring of see invisible (right hand)
 H - a ring of poison resistance (left hand)
Wands
 c - a wand of iceblast (7/15)
 M - a wand of confusion (19/48)
Scrolls
 d - a scroll of enchant weapon
 i - 5 scrolls of identify
 j - 9 scrolls of remove curse
 m - 5 scrolls of blinking
 o - 5 scrolls of recharging
 s - 4 scrolls of fog
 w - 10 scrolls of teleportation
 z - 3 scrolls of amnesia
 B - 2 scrolls of fear
Potions
 h - 2 potions of ambrosia {unknown}
 p - 4 potions of lignification
 q - a potion of heal wounds {unknown}
 r - a potion of berserk rage {unknown}
 x - 2 potions of magic {unknown}
 A - 5 potions of mutation {unknown}
 D - 3 potions of cancellation {unknown}
 E - 9 potions of curing {unknown}
 G - 4 potions of flight {unknown}
 I - 2 potions of agility
 L - 2 potions of resistance {unknown}
 N - 2 potions of brilliance {unknown}
 O - a potion of might
Books
 K - a book of Geomancy

   Spells                             Type                      Level
   a - Sandblast                      Earth                        1
   b - Passwall                       Transmutation/Earth          2
   c - Stone Arrow                    Conjuration/Earth            3
   d - Petrify                        Transmutation/Earth          4
   e - Lee's Rapid Deconstruction     Earth                        5
 Q - a book of Battle

   Spells                             Type                      Level
   a - Infusion                       Charms                       1
   b - Shroud of Golubria             Charms/Translocation         2
   c - Song of Slaying                Charms                       2
   d - Spectral Weapon                Hexes/Charms                 3
   e - Regeneration                   Charms/Necromancy            3
Comestibles
 f - 8 bread rations
 n - 6 royal jellies
 t - 11 meat rations
 v - 30 fruits


   Skills:
 - Level 10.0 Fighting
 - Level 16.0 Axes
 + Level 12.6 Armour
 + Level 12.4 Shields
 + Level 12.9 Invocations


You had 13 spell levels left.
You didn't know any spells.

Dungeon Overview and Level Annotations

Branches:
Dungeon (10/15)            Temple (1/1) D:7            Lair (6/6) D:9
 Shoals (0/4) Lair:2       Spider (0/4) Lair:4        Slime (0/5) Lair:6
    Orc: D:9-12

Altars:
Ashenzari
Cheibriados
Dithmenos
Elyvilon
Fedhas
Gozag
Hepliaklqana
Kikubaaqudgha
Makhleb
Nemelex Xobeh
Okawaru
Qazlal
Ru
Sif Muna
Trog
Uskayaw
Vehumet
Wu Jian
Xom
Yredelemnul
Zin
The Shining One
Beogh
Jiyva

Shops:
D:4 !   D:6 =:[=


Message History

You hit the acid blob but do no damage.
Your hands burn!
* * * LOW HITPOINT WARNING * * *
The acid blob is lightly wounded.
The acid blob spits acid at you. The splash of acid hits you!
* * * LOW HITPOINT WARNING * * *
You are splashed with acid!
The acid burns!
* * * LOW HITPOINT WARNING * * *
You slash the acid blob!
The acid blob looks as sick as possible!
Your hands burn!
* * * LOW HITPOINT WARNING * * *
The acid blob is moderately wounded.
You hit the acid blob.
The acid blob looks as sick as possible!
Your hands burn!
* * * LOW HITPOINT WARNING * * *
The acid blob is moderately wounded.
The acid blob hits you!!
You die...

......[...............##
.......................#
..............#...##..#
..........#...........##
......#................#
.....##...#...........P#
.....#...#...P.....#....#
.....##..#P.P.#...## ..##
##...........##.@.#.. .#
##......#P..#P.J.......#
##....................#
..##.##......#........#.
...#..#............P..#
...#..#............#...#
...###..#.........#....#
....###........P...#...#
.....#..#...##.#......P#


You could see an acid blob.

Vanquished Creatures
  Josephine (Lair:6)
  7 hydras
  A catoblepas (Lair:6)
  A two-headed ogre (D:8)
  5 death yaks (Lair:6)
  Pikel (D:8)
  A manticore (Lair:6)
  4 elephants (Lair:6)
  Joseph (D:7)
  Psyche (D:8)
  5 black mambas
  8 spiny frogs
  5 komodo dragons
  4 rime drakes
  2 jumping spiders (Lair:4)
  2 trolls
  A hornet (D:7)
  8 blink frogs (Lair:6)
  A snapping turtle (Lair:2)
  7 hippogriffs
  3 wraiths (Lair:6)
  2 redbacks (Lair:4)
  31 yaks
  3 wyverns
  A basilisk (Lair:2)
  Eustachio (D:5)
  19 water moccasins
  7 porcupines
  3 ice beasts
  3 orc warriors
  A black bear (Lair:1)
  3 slaves (D:8)
  A phantom (D:7)
  2 sky beasts
  4 wolves (Lair:6)
  5 ogres
  4 centaurs
  11 crocodiles
  22 bullfrogs
  11 big kobolds
  A scorpion (D:6)
  9 killer bees
  4 wights (D:7)
  An electric eel (Lair:4)
  2 crimson imps
  A quasit (D:10)
  2 centaur zombies (D:7)
  9 hounds
  A centaur skeleton (D:4)
  A jelly (D:6)
  A gnoll shaman (D:7)
  9 orc priests
  Jessica (D:3)
  12 orc wizards
  A statue (D:8)
  9 worker ants
  A hound skeleton (D:7)
  2 hound zombies
  Robin (D:3)
  5 gnolls (D:7)
  A worker ant zombie (D:10)
  7 adders
  4 river rats
  2 shadow imps (D:8)
  3 oozes
  8 worms
  A dart slug (D:1)
  8 leopard geckos
  67 orcs
  5 ball pythons
  10 giant cockroaches
  14 goblins
  5 hobgoblins
  4 jackals
  7 quokkas
  12 bats
  2 frilled lizards
  8 kobolds
  A leopard gecko zombie (D:8)
  A quokka skeleton (D:4)
  A quokka zombie (D:5)
  11 rats
  5 fungi
  3 plants
466 creatures vanquished.

Vanquished Creatures (others)
  Nessos (Lair:6)
  3 bushes (Lair:6)
  8 fungi
  7 plants (Lair:6)
19 creatures vanquished.

Grand Total: 485 creatures vanquished

Notes
Turn   | Place    | Note
-------+----------+-------------------------------------------
     0 | D:1      | anfisbena the Hill Orc Fighter began the quest for the Orb.
     0 | D:1      | Reached XP level 1. HP: 19/19 MP: 1/1
   112 | D:1      | Reached skill level 3 in Axes
   186 | D:1      | Reached XP level 2. HP: 27/27 MP: 2/2
   749 | D:2      | Reached XP level 3. HP: 28/34 MP: 3/3
   956 | D:2      | Reached skill level 4 in Axes
  1239 | D:2      | Reached XP level 4. HP: 41/41 MP: 4/4
  1506 | D:3      | Noticed Robin
  1510 | D:3      | Reached skill level 5 in Fighting
  1512 | D:3      | Killed Robin
  1690 | D:3      | Reached skill level 5 in Axes
  1690 | D:3      | Reached XP level 5. HP: 14/48 MP: 5/5
  2047 | D:3      | Found a burning altar of Makhleb.
  2433 | D:3      | Noticed Jessica
  2438 | D:3      | Killed Jessica
  2557 | D:3      | Found an ancient bone altar of Kikubaaqudgha.
  2693 | D:4      | Reached skill level 6 in Axes
  2693 | D:4      | Reached XP level 6. HP: 43/57 MP: 6/6
  2863 | D:4      | Found Eseiss's Distillery.
  3409 | D:5      | Entered Level 5 of the Dungeon
  3412 | D:5      | Noticed Eustachio
  3419 | D:5      | Reached skill level 7 in Axes
  3419 | D:5      | Reached XP level 7. HP: 57/66 MP: 7/7
  3446 | D:5      | Killed Eustachio
  3726 | D:5      | Found an iron altar of Okawaru.
  3805 | D:5      | Reached skill level 8 in Axes
  4139 | D:5      | Reached XP level 8. HP: 49/74 MP: 8/8
  4469 | D:6      | Found Faprapleq's Antique Armour Boutique.
  4476 | D:6      | Bought a shiny shield for 180 gold pieces
  4513 | D:6      | Found a glowing drain.
  4522 | Sewer    | Entered a sewer
  4591 | Sewer    | Reached skill level 9 in Axes
  4794 | Sewer    | Reached skill level 10 in Axes
  5220 | Sewer    | Reached skill level 10 in Fighting
  5370 | D:6      | Reached XP level 9. HP: 85/85 MP: 9/9
  5388 | D:6      | Found Maxtap's Jewellery Shop.
  5629 | D:6      | Found Izogh's Jewellery Shop.
  5826 | D:6      | Found Guewas's Book Boutique.
  6084 | D:7      | Found a deep blue altar of Sif Muna.
  6239 | D:7      | Reached skill level 11 in Axes
  6256 | D:7      | Noticed Joseph
  6267 | D:7      | Killed Joseph
  6267 | D:7      | Reached skill level 5 in Armour
  6267 | D:7      | Reached skill level 5 in Shields
  6378 | D:7      | Found a blossoming altar of Fedhas.
  6625 | D:7      | Found a staircase to the Ecumenical Temple.
  6690 | Temple   | Entered the Ecumenical Temple
  6900 | Temple   | Became a worshipper of Uskayaw the Reveler
  6950 | D:7      | Reached * piety under Uskayaw
  6956 | D:7      | Reached ** piety under Uskayaw
  7175 | D:7      | Noticed a hornet
  7184 | D:7      | Killed a hornet
  7315 | D:7      | Reached XP level 10. HP: 93/93 MP: 10/10
  7357 | D:7      | Reached *** piety under Uskayaw
  7511 | D:7      | Reached skill level 12 in Axes
  7539 | D:7      | Found a sacrificial altar of Ru.
  7587 | D:7      | Reached skill level 1 in Invocations
  7811 | D:8      | Noticed Psyche
  7822 | D:8      | Killed Psyche
  7893 | D:8      | Reached **** piety under Uskayaw
  7896 | D:8      | Found a roughly hewn altar of Beogh.
  7898 | D:8      | Reached ***** piety under Uskayaw
  7912 | D:8      | Reached ****** piety under Uskayaw
  8217 | D:8      | Found a radiant altar of Vehumet.
  8583 | D:8      | Found a hazy altar of Hepliaklqana.
  8652 | D:8      | Noticed Pikel
  8677 | D:8      | Killed Pikel
  8842 | D:8      | Noticed a two-headed ogre
  8855 | D:8      | Killed a two-headed ogre
  8997 | D:8      | Noticed a manticore
  9189 | D:9      | Reached skill level 5 in Invocations
  9354 | D:9      | Reached XP level 11. HP: 88/99 MP: 13/15
  9379 | D:9      | Found an ornate altar of the Wu Jian Council.
  9428 | D:9      | Reached skill level 13 in Axes
  9489 | D:9      | Found a staircase to the Lair.
  9794 | D:10     | Entered Level 10 of the Dungeon
 10342 | Lair:1   | Entered Level 1 of the Lair of Beasts
 11605 | Lair:2   | Noticed a five-headed hydra
 11619 | Lair:2   | Killed an 11-headed hydra
 11619 | Lair:2   | Reached skill level 14 in Axes
 12304 | Lair:2   | Found a staircase to the Shoals.
 12316 | Lair:2   | Reached XP level 12. HP: 95/106 MP: 18/18
 13014 | Lair:3   | Reached skill level 10 in Armour
 13014 | Lair:3   | Reached skill level 10 in Shields
 13158 | Lair:3   | Noticed an eight-headed hydra
 13173 | Lair:3   | Killed a 19-headed hydra
 13789 | Lair:3   | Noticed a six-headed hydra
 13911 | Lair:1   | Killed a seven-headed hydra
 14606 | Lair:4   | Reached skill level 10 in Invocations
 14682 | Lair:4   | Found a hole to the Spider Nest.
 14781 | Lair:4   | Found a hide-covered altar of Uskayaw.
 14908 | Lair:4   | Reached skill level 15 in Axes
 15395 | Lair:5   | Reached XP level 13. HP: 99/113 MP: 19/21
 16317 | Lair:6   | Entered Level 6 of the Lair of Beasts
 16317 | Lair:6   | Found a staircase to the Slime Pits.
 16317 | Lair:6   | Found a viscous altar of Jiyva.
 16317 | Lair:6   | Noticed Nessos
 16597 | Lair:6   | Noticed Josephine
 16611 | Lair:6   | Killed Josephine
 16611 | Lair:6   | Reached skill level 16 in Axes
 16623 | Lair:6   | Killed Nessos
 16980 | Lair:6   | Reached XP level 14. HP: 76/121 MP: 23/23
 17149 | Lair:6   | Noticed an acid blob
 17160 | Lair:6   | Slain by an acid blob

Vault maps used:
D:1:      minmay_arrival_four_circles
D:3:      makhleb_heckhound_becter, nicolae_overflow_hidden_temple,
          hangedman_glass_teeth, guppyfry_early_lair_pool, uniq_jessica,
          uniq_robin
D:4:      serial_shops, shop
D:5:      marbit_many_paths, first_bread, nrook_loot_triangle, uniq_eustachio
D:6:      kb_forest_paths, portal_sewer_entry_a, serial_shops,
          nicolae_shop_window_shopping, nicolae_shop_stone, nicolae_shop_stone,
          shop
D:7:      nicolae_ru_great_annihilating_truth, fedhas_altar_3,
          nicolae_overflow_crystal_walls, temple_pool_b,
          kennysheep_generic_room_7, uniq_joseph
D:8:      vehumet_statue, kennysheep_mini, special_room, blue_anna_alchemist,
          lightli_corner_chamber, uniq_pikel, uniq_psyche
D:9:      lemuel_round_altar, lair_entry_dummy
Temple:   oiseaux_autumnal_temple
Lair:2:   minmay_shoals_entry_hut, grunt_megastairs_3,
          infiniplex_staircase_pool_2
Lair:3:   cheibrodos_lair_river_kwai, pond
Lair:4:   spider_nest_entry_a, basic_altar, serial_bayou_pond_b
Lair:5:   serial_bayou_shore_a
Lair:6:   evilmike_catoblepas_cave, slime_altar_1, nicolae_volcano_entry_s_turn,
          lemuel_fruit_fields, uniq_nessos, uniq_josephine
Sewer:    sewer_co_tree

Skill      XL: |  1  2  3  4  5  6  7  8  9 10 11 12 13 |
---------------+----------------------------------------+-----
Axes           | 3 4 5 6 7 8 10 11 12 14 15 16 | 16.0
Fighting       | 4 5 6 7 8 10 | 10.0
Shields        | 6 8 9 10 12 | 12.4
Armour         | 6 8 9 11 12 | 12.6
Invocations    | 5 8 10 12 | 12.9

Action                   |  1- 3 |  4- 6 |  7- 9 | 10-12 | 13-15 || total
-------------------------+-------+-------+-------+-------+-------++-------
Melee: War axe           |    90 |   205 |   409 |   833 |   258 ||  1795
       Eveningstar       |       |       |       |     9 |    24 ||    33
  Use: Potion            |       |     1 |     1 |     3 |       ||     5
       Scroll            |       |       |     6 |    10 |     1 ||    17
 Stab: Paralysed         |       |       |       |    83 |    54 ||   137
  Eat: Chunk             |     1 |     7 |    14 |    34 |       ||    56
       Fruit             |       |       |       |     2 |       ||     2
Armor: Scale mail        |    42 |     7 |       |       |       ||    49
       Plate armour      |       |   140 |   224 |   511 |   209 ||  1084
Dodge: Dodged            |    29 |    36 |    50 |   132 |    64 ||   311
       Deflected         |       |     2 |     8 |     8 |       ||    18
Block: Shield            |    48 |   126 |   269 |   549 |   210 ||  1202
       Reflection        |       |       |    12 |     5 |     7 ||    24
